TOP OF THE 1ST |
Tuscaloosa Trout Slayers batting - Pitching for Indiana Hounds : LHP Jeff Sandusky
|
Pitching: LHP Jeff Sandusky
|
|
Batting: RHB José Ortega
|
0-0: Ground out 4-3 (Groundball, 34)
|
Batting: RHB Jason Erickson
|
0-0: Ball 1-0: SINGLE (Line Drive, 78M)
|
Batting: RHB Lynn Ford
|
0-0: Foul Ball, location: 2F 0-1: Foul Ball, location: 2F 0-2: Ball 1-2: Ball 2-2: Foul Ball, location: 2F 2-2: SINGLE (Line Drive, 78S) Jason Erickson to second
|
Batting: RHB Kurt Walter
|
0-0: Ball 1-0: Ball 2-0: Ball 3-0: Called Strike 3-1: 3-RUN HOME RUN (Flyball, 8LD), Distance : 388 ft
|
Batting: LHB Ed Hart
|
0-0: Ball 1-0: Called Strike 1-1: Ball 2-1: Foul Ball, location: 2F 2-2: Strikes out looking
|
Batting: RHB Shigemasa Ishida
|
0-0: Swinging Strike 0-1: Called Strike 0-2: Strikes out swinging
|
Top of the 1st over - 3 run(s), 3 hit(s), 0 error(s), 0 left on base; Tuscaloosa 3 - Indiana 0 |
BOTTOM OF THE 1ST |
Indiana Hounds batting - Pitching for Tuscaloosa Trout Slayers : RHP Chris Chamberlain
|
Pitching: RHP Chris Chamberlain
|
|
Batting: RHB Javier Martínez
|
0-0: Called Strike 0-1: Ball 1-1: Ground out 4-3 (Groundball, 4)
|
Batting: RHB Enrico Bonizo
|
0-0: Called Strike 0-1: Ball 1-1: SINGLE (Groundball, 56D)
|
Batting: RHB Bob Lazzeri
|
0-0: Ball 1-0: Ball 2-0: Ball 3-0: Called Strike 3-1: Base on Balls Enrico Bonizo to second
|
Batting: LHB Larry Smith
|
0-0: Ball 1-0: Ball 2-0: Called Strike 2-1: Foul Ball, location: 2F 2-2: Foul Ball, location: 2F 2-2: Foul Ball, location: 2F 2-2: Ball 3-2: Strikes out looking
|
Batting: LHB Tommy Evans
|
0-0: Called Strike 0-1: Ball 1-1: Ground out 3-1 (Groundball, 34)
|
Bottom of the 1st over - 0 run(s), 1 hit(s), 0 error(s), 2 left on base; Tuscaloosa 3 - Indiana 0 |
TOP OF THE 2ND |
Tuscaloosa Trout Slayers batting - Pitching for Indiana Hounds : LHP Jeff Sandusky
|
Batting: RHB César Reyes
|
0-0: Called Strike 0-1: SINGLE (Groundball, 56D)
|
Batting: RHB Juan Reyes
|
0-0: Ball 1-0: Ball 2-0: Called Strike 2-1: Foul Ball, location: 2F 2-2: Reached on error, E9 (Flyball, 9S) César Reyes to second
|
Batting: RHB Doyle O'Dell
|
0-0: Foul Ball, location: 2F 0-1: Ball 1-1: Ball 2-1: Called Strike 2-2: Foul Ball, location: 2F 2-2: Strikes out swinging
|
Batting: RHB José Ortega
|
0-0: Ball 1-0: Called Strike 1-1: Foul Ball, location: 2F 1-2: Ball 2-2: Ball 3-2: Base on Balls César Reyes to third Juan Reyes to second
|
Batting: RHB Jason Erickson
|
0-0: Swinging Strike 0-1: Grounds into double play, 6-4-3 (Groundball, 6)
|
Top of the 2nd over - 0 run(s), 1 hit(s), 1 error(s), 2 left on base; Tuscaloosa 3 - Indiana 0 |
BOTTOM OF THE 2ND |
Indiana Hounds batting - Pitching for Tuscaloosa Trout Slayers : RHP Chris Chamberlain
|
Batting: RHB Juan Jose Guevana
|
0-0: Foul Ball, location: 2F 0-1: Foul Ball, location: 2F 0-2: Ground out 6-3 (Groundball, 6S)
|
Batting: LHB Mario Álvarez
|
0-0: Ground out 4-3 (Groundball, 4S)
|
Batting: LHB John Cotton
|
0-0: Ball 1-0: Ball 2-0: Called Strike 2-1: Swinging Strike 2-2: Strikes out looking
|
Bottom of the 2nd over - 0 run(s), 0 hit(s), 0 error(s), 0 left on base; Tuscaloosa 3 - Indiana 0 |
TOP OF THE 3RD |
Tuscaloosa Trout Slayers batting - Pitching for Indiana Hounds : LHP Jeff Sandusky
|
Batting: RHB Lynn Ford
|
0-0: Ball 1-0: Called Strike 1-1: Swinging Strike 1-2: Ball 2-2: Strikes out swinging
|
Batting: RHB Kurt Walter
|
0-0: Swinging Strike 0-1: Ball 1-1: SINGLE (Flyball, 7S)
|
Batting: LHB Ed Hart
|
0-0: Swinging Strike 0-1: Grounds into double play, 6-4-3 (Groundball, 56)
|
Top of the 3rd over - 0 run(s), 1 hit(s), 0 error(s), 0 left on base; Tuscaloosa 3 - Indiana 0 |
BOTTOM OF THE 3RD |
Indiana Hounds batting - Pitching for Tuscaloosa Trout Slayers : RHP Chris Chamberlain
|
Batting: LHB Pepe Vázquez
|
0-0: Ball 1-0: Fly out, F7 (Flyball, 7)
|
Batting: RHB Javier Martínez
|
0-0: Ball 1-0: Called Strike 1-1: Ball 2-1: Called Strike 2-2: Ground out 6-3 (Groundball, 6)
|
Batting: RHB Enrico Bonizo
|
0-0: Fly out, F7 (Flyball, 7)
|
Bottom of the 3rd over - 0 run(s), 0 hit(s), 0 error(s), 0 left on base; Tuscaloosa 3 - Indiana 0 |
TOP OF THE 4TH |
Tuscaloosa Trout Slayers batting - Pitching for Indiana Hounds : LHP Jeff Sandusky
|
Batting: RHB Shigemasa Ishida
|
0-0: Called Strike 0-1: Ground out 5-3 (Groundball, 56)
|
Batting: RHB César Reyes
|
0-0: Ball 1-0: Called Strike 1-1: Foul Ball, location: 2F 1-2: Foul Ball, location: 2F 1-2: Ball 2-2: Foul Ball, location: 2F 2-2: Strikes out swinging
|
Batting: RHB Juan Reyes
|
0-0: Called Strike 0-1: Called Strike 0-2: Ball 1-2: Ball 2-2: SINGLE (Groundball, 4D)
|
Batting: RHB Doyle O'Dell
|
0-0: Called Strike 0-1: SINGLE (Line Drive, 6M) Juan Reyes to second Runner from 2nd tries for 3rd, SAFE, throw made to third
|
Batting: RHB José Ortega
|
0-0: Called Strike 0-1: SINGLE (Groundball, 34D) Juan Reyes scores Doyle O'Dell to second Runner from 2nd tries for 3rd, SAFE, throw made to third
|
Batting: RHB Jason Erickson
|
0-0: Called Strike 0-1: Fielders Choice at 2nd, 6-4 (Groundball, 6)
|
Top of the 4th over - 1 run(s), 3 hit(s), 0 error(s), 1 left on base; Tuscaloosa 4 - Indiana 0 |
BOTTOM OF THE 4TH |
Indiana Hounds batting - Pitching for Tuscaloosa Trout Slayers : RHP Chris Chamberlain
|
Batting: RHB Bob Lazzeri
|
0-0: Ball 1-0: Ground out 5-3 (Groundball, 56S)
|
Batting: LHB Larry Smith
|
0-0: Ball 1-0: Ball 2-0: Foul Ball, location: 2F 2-1: Called Strike 2-2: Ground out 4-3 (Groundball, 34)
|
Batting: LHB Tommy Evans
|
0-0: Called Strike 0-1: Ball 1-1: Foul Ball, location: 2F 1-2: Foul Ball, location: 2F 1-2: Ground out 1-3 (Groundball, 13S)
|
Bottom of the 4th over - 0 run(s), 0 hit(s), 0 error(s), 0 left on base; Tuscaloosa 4 - Indiana 0 |
TOP OF THE 5TH |
Tuscaloosa Trout Slayers batting - Pitching for Indiana Hounds : LHP Jeff Sandusky
|
Batting: RHB Lynn Ford
|
0-0: Foul Ball, location: 2F 0-1: Foul Ball, location: 2F 0-2: Foul Ball, location: 2F 0-2: Foul Ball, location: 2F 0-2: Fly out, F5 (Popup, 56)
|
Batting: RHB Kurt Walter
|
0-0: Foul Ball, location: 2F 0-1: Fly out, F7 (Flyball, 7S)
|
Batting: LHB Ed Hart
|
0-0: Ball 1-0: Foul Ball, location: 2F 1-1: Ball 2-1: Fly out, F8 (Flyball, 8RS)
|
Top of the 5th over - 0 run(s), 0 hit(s), 0 error(s), 0 left on base; Tuscaloosa 4 - Indiana 0 |
BOTTOM OF THE 5TH |
Indiana Hounds batting - Pitching for Tuscaloosa Trout Slayers : RHP Chris Chamberlain
|
Batting: RHB Juan Jose Guevana
|
0-0: Foul Ball, location: 2F 0-1: Foul Ball, location: 2F 0-2: Ball 1-2: Ball 2-2: Strikes out swinging
|
Batting: LHB Mario Álvarez
|
0-0: Ball 1-0: Ball 2-0: Foul Ball, location: 2F 2-1: Foul Ball, location: 2F 2-2: SINGLE (Flyball, 89S)
|
Batting: LHB John Cotton
|
0-0: Ball Mario Álvarez steals 2nd base 1-0: Foul Ball, location: 2F 1-1: Swinging Strike 1-2: Strikes out swinging
|
Batting: LHB Pepe Vázquez
|
0-0: Ball 1-0: Foul Ball, location: 2F 1-1: Foul Ball, location: 2F 1-2: Strikes out looking
|
Bottom of the 5th over - 0 run(s), 1 hit(s), 0 error(s), 1 left on base; Tuscaloosa 4 - Indiana 0 |
TOP OF THE 6TH |
Tuscaloosa Trout Slayers batting - Pitching for Indiana Hounds : LHP Jeff Sandusky
|
Batting: RHB Shigemasa Ishida
|
0-0: Foul Ball, location: 2F 0-1: Ball 1-1: Foul Ball, location: 2F 1-2: Fly out, F8 (Flyball, 8LD)
|
Batting: RHB César Reyes
|
0-0: Ball 1-0: Called Strike 1-1: Ball 2-1: Foul Ball, location: 2F 2-2: Strikes out swinging
|
Batting: RHB Juan Reyes
|
0-0: Foul Ball, location: 2F 0-1: Swinging Strike 0-2: Ball 1-2: Ball 2-2: Strikes out swinging
|
Top of the 6th over - 0 run(s), 0 hit(s), 0 error(s), 0 left on base; Tuscaloosa 4 - Indiana 0 |
BOTTOM OF THE 6TH |
Indiana Hounds batting - Pitching for Tuscaloosa Trout Slayers : RHP Chris Chamberlain
|
Batting: RHB Javier Martínez
|
0-0: Ball 1-0: Ball 2-0: Called Strike 2-1: Swinging Strike 2-2: Ground out 5-3 (Groundball, 56)
|
Batting: RHB Enrico Bonizo
|
0-0: Foul Ball, location: 2F 0-1: Fly out, F9 (Flyball, 9LMF)
|
Batting: RHB Bob Lazzeri
|
0-0: Ball 1-0: Called Strike 1-1: Swinging Strike 1-2: Ground out 3-1 (Groundball, 34)
|
Bottom of the 6th over - 0 run(s), 0 hit(s), 0 error(s), 0 left on base; Tuscaloosa 4 - Indiana 0 |
TOP OF THE 7TH |
Tuscaloosa Trout Slayers batting - Pitching for Indiana Hounds : LHP Jeff Sandusky
|
Pitching: RHP Porter Warren
|
|
Batting: RHB Doyle O'Dell
|
0-0: Foul Ball, location: 2F 0-1: Foul Ball, location: 2F 0-2: Foul Ball, location: 2F 0-2: Strikes out looking
|
Batting: RHB José Ortega
|
0-0: Ball 1-0: Foul Ball, location: 2F 1-1: Called Strike 1-2: Ground out 6-3 (Groundball, 6)
|
Batting: RHB Jason Erickson
|
0-0: Ball 1-0: Foul Ball, location: 2F 1-1: Ball 2-1: DOUBLE (Line Drive, 8LD)
|
Batting: RHB Lynn Ford
|
0-0: Ground out 5-3 (Groundball, 25)
|
Top of the 7th over - 0 run(s), 1 hit(s), 0 error(s), 1 left on base; Tuscaloosa 4 - Indiana 0 |
BOTTOM OF THE 7TH |
Indiana Hounds batting - Pitching for Tuscaloosa Trout Slayers : RHP Chris Chamberlain
|
Batting: LHB Larry Smith
|
0-0: Ball 1-0: Foul Ball, location: 2F 1-1: Called Strike 1-2: Ball 2-2: SOLO HOME RUN (Flyball, 7D), Distance : 361 ft
|
Batting: LHB Tommy Evans
|
0-0: Called Strike 0-1: Foul Ball, location: 2F 0-2: Ball 1-2: Strikes out swinging
|
Batting: RHB Juan Jose Guevana
|
0-0: Foul Ball, location: 2F 0-1: Fly out, F9 (Flyball, 9LM)
|
Batting: LHB Mario Álvarez
|
0-0: Called Strike 0-1: TRIPLE (Flyball, 8RXD)
|
Batting: LHB John Cotton
|
0-0: Ball 1-0: Foul Ball, location: 2F 1-1: Ground out 4-3 (Groundball, 4D)
|
Bottom of the 7th over - 1 run(s), 2 hit(s), 0 error(s), 1 left on base; Tuscaloosa 4 - Indiana 1 |
TOP OF THE 8TH |
Tuscaloosa Trout Slayers batting - Pitching for Indiana Hounds : RHP Porter Warren
|
Batting: RHB Kurt Walter
|
0-0: Called Strike 0-1: Ball 1-1: Ball 2-1: Ball 3-1: Swinging Strike 3-2: Strikes out swinging
|
Batting: LHB Ed Hart
|
0-0: Swinging Strike 0-1: Swinging Strike 0-2: Ball 1-2: Foul Ball, location: 2F 1-2: Ball 2-2: Strikes out looking
|
Batting: RHB Shigemasa Ishida
|
0-0: Ball 1-0: Foul Ball, location: 2F 1-1: Swinging Strike 1-2: Ball 2-2: Strikes out looking
|
Top of the 8th over - 0 run(s), 0 hit(s), 0 error(s), 0 left on base; Tuscaloosa 4 - Indiana 1 |
BOTTOM OF THE 8TH |
Indiana Hounds batting - Pitching for Tuscaloosa Trout Slayers : RHP Chris Chamberlain
|
Pitching: LHP Dave Blackwell
|
|
Batting: LHB Pepe Vázquez
|
0-0: Ball 1-0: Ball 2-0: SINGLE (Line Drive, 4M)
|
Pitching: RHP Steve Sousa
|
|
Batting: RHB Javier Martínez
|
0-0: Ball 1-0: Ball 2-0: Ball 3-0: Called Strike 3-1: SINGLE (Groundball, 5S) (infield hit) Pepe Vázquez to second
|
Batting: RHB Enrico Bonizo
|
0-0: Called Strike 0-1: Ball 1-1: Ball 2-1: Ball 3-1: Hit by Pitch Pepe Vázquez to third Javier Martínez to second
|
Batting: RHB Bob Lazzeri
|
0-0: Ball 1-0: Ball 2-0: Ball 3-0: Swinging Strike 3-1: Foul Ball, location: 2F 3-2: Grounds into fielders choice 1-2 (Groundball, 13) Javier Martínez to third Enrico Bonizo to second
|
Pitching: LHP Luis López
|
|
Pinch Hitting: SHB Dave MacThomas
|
0-0: Ball 1-0: Ground out 3-1 (Groundball, 34S) Javier Martínez scores Enrico Bonizo to third Bob Lazzeri to second
|
Pitching: RHP Rafael Ramírez
|
|
Pinch Hitting: LHB Manny Hernández
|
0-0: Called Strike 0-1: Swinging Strike 0-2: Ball 1-2: Ball 2-2: Ball 3-2: Foul Ball, location: 2F 3-2: Foul Ball, location: 2F 3-2: Base on Balls
|
Batting: RHB Juan Jose Guevana
|
0-0: Called Strike 0-1: Ball 1-1: Called Strike 1-2: Ball 2-2: Foul Ball, location: 2F 2-2: Strikes out looking
|
Bottom of the 8th over - 1 run(s), 2 hit(s), 0 error(s), 3 left on base; Tuscaloosa 4 - Indiana 2 |
TOP OF THE 9TH |
Tuscaloosa Trout Slayers batting - Pitching for Indiana Hounds : RHP Porter Warren
|
Pitching: LHP Edwin King
|
|
Now at 3B: Dave MacThomas
|
|
Now at SS: Charles Alexander
|
|
Batting: RHB César Reyes
|
0-0: Called Strike 0-1: Swinging Strike 0-2: Ball 1-2: Foul Ball, location: 2F 1-2: SINGLE (Line Drive, 7S)
|
Pitching: LHP Roberto Barrón
|
|
Batting: RHB Juan Reyes
|
0-0: Reached on error, E1 (Groundball, 13) César Reyes to second
|
Pinch Hitting: RHB Kyle O'Day
|
0-0: Ball 1-0: Called Strike 1-1: Sac Bunt - play at first, batter OUT! 1-3 César Reyes to third Juan Reyes to second
|
Pinch Hitting: RHB Satoru Daikawa
|
0-0: Ball 1-0: SINGLE (Line Drive, 4MD) César Reyes scores Juan Reyes to third
|
Batting: RHB Jason Erickson
|
0-0: Ball 1-0: Ball 2-0: Ball 3-0: Foul Ball, location: 2F 3-1: Base on Balls Satoru Daikawa to second
|
Batting: RHB Lynn Ford
|
0-0: Grounds into fielders choice 6-2 (Groundball, 6) Satoru Daikawa to third Jason Erickson to second
|
Batting: RHB Kurt Walter
|
0-0: Foul Ball, location: 2F 0-1: Called Strike 0-2: Ball 1-2: Ball 2-2: Ball 3-2: Foul Ball, location: 2F 3-2: Foul Ball, location: 2F 3-2: Foul Ball, location: 2F 3-2: Strikes out looking
|
Top of the 9th over - 1 run(s), 2 hit(s), 1 error(s), 3 left on base; Tuscaloosa 5 - Indiana 2 |
BOTTOM OF THE 9TH |
Indiana Hounds batting - Pitching for Tuscaloosa Trout Slayers : RHP Rafael Ramírez
|
Pitching: RHP Matt McGinnity
|
|
Now at C: Satoru Daikawa
|
|
Now at SS: Jason Saunders
|
|
Batting: LHB Mario Álvarez
|
0-0: Ball 1-0: Ball 2-0: Ball 3-0: Called Strike 3-1: Fly out, F4 (Popup, 4M)
|
Batting: LHB John Cotton
|
0-0: Foul Ball, location: 2F 0-1: Foul Ball, location: 2F 0-2: Ball 1-2: Ball 2-2: SINGLE (Groundball, 6MD)
|
Batting: LHB Pepe Vázquez
|
0-0: Ball 1-0: Ball 2-0: Ball 3-0: Base on Balls John Cotton to second
|
Pinch Hitting: LHB Denny Poole
|
0-0: Called Strike 0-1: Ball 1-1: Ball 2-1: Called Strike 2-2: Foul Ball, location: 2F 2-2: Ball 3-2: Base on Balls John Cotton to third Pepe Vázquez to second
|
Batting: RHB Enrico Bonizo
|
0-0: Swinging Strike 0-1: Ball 1-1: Ball 2-1: Ball 3-1: Swinging Strike 3-2: Foul Ball, location: 2F 3-2: Base on Balls John Cotton scores Pepe Vázquez to third Denny Poole to second
|
Pinch Hitting: LHB Rubén Díaz
|
0-0: Called Strike 0-1: Ball 1-1: Foul Ball, location: 2F 1-2: Ball 2-2: Foul Ball, location: 2F 2-2: Fly out, F8 (Flyball, 78M) Runner from 3rd tags up, SCORES, throw made
|
Pitching: RHP Ronald Adams
|
|
Batting: SHB Dave MacThomas
|
0-0: Ball 1-0: Ball 2-0: Ground out 3-1 (Groundball, 34)
|
Bottom of the 9th over - 2 run(s), 1 hit(s), 0 error(s), 2 left on base; Tuscaloosa 5 - Indiana 4 |
|